 Dungeon Crawl Stone Soup version 0.31-a0-819-gf6de2f5ab6 (webtiles) character file.

Game seed: 8500906298646076752

56 qw the Shooter (level 3, 0/22 HPs)
             Began as a Gargoyle Hunter on Sept 23, 2023.
             Slain by Terence
             ... wielding a +0 falchion of holy wrath
              (2 damage)
             ... on level 2 of the Dungeon.
             The game lasted 00:00:36 (1037 turns).

qw the Shooter (Gargoyle Hunter)                    Turns: 1037, Time: 00:00:37

Health: 0/22       AC: 10    Str: 14    XL:     3   Next: 95%
Magic:  3/3        EV: 10    Int:  4    God:
Gold:   53         SH:  0    Dex: 10    Spells: 2/2 levels left

rFire   . . .        Y - +0 shortbow
rCold   . . .        (shield currently unavailable)
rNeg    + . .        f - +0 ring mail
rPois   inf          a - +2 hat of the Secret Visions {Fly Will+++ Int-5 Dex-5}
rElec   +            (no cloak)
rCorr   .            (no gloves)
SInv    .            (no boots)
Will    +++..        (no amulet)
Stlth   +            (no ring)
HPRegen 0.23/turn    (no ring)
MPRegen 0.08/turn

%: no passive effects
@: flying
A: sickness immunity, AC +3, negative energy resistance 1, electricity
resistance, torment resistance 1, petrification resistance
a: no special abilities


You were on level 2 of the Dungeon.
You visited 1 branch of the dungeon, and saw 2 of its levels.

You collected 53 gold pieces.


Innate Abilities, Weirdness & Mutations

You are immune to sickness and miasma.
Your stone body is resilient. (AC +3)
You are immune to poison.
You resist negative energy. (rN+)
You are resistant to electric shocks. (rElec)
You are resistant to unholy torment.
You are immune to petrification.


   Skills:
 + Level 2.8 Fighting
 - Level 5.0 Ranged Weapons
 - Level 1.1 Armour
 - Level 1.5 Dodging
 - Level 1.1 Stealth


You had 2 spell levels left.
You didn't know any spells.
Your spell library was empty.

Inventory:

Hand Weapons
 Y - a +0 shortbow (weapon)
Armour
 a - the +2 hat of the Secret Visions (worn) {Fly Will+++ Int-5 Dex-5}
   (You acquired it on level 1 of the Dungeon)

   Int-5:     It affects your intelligence (-5).
   Dex-5:     It affects your dexterity (-5).
   Will+++:   It greatly increases your willpower.
   Fly:       It grants you flight.
 f - a +0 ring mail (worn)
Scrolls
 b - a scroll of poison {unknown}
Potions
 g - a potion of curing {unknown}
 k - a potion of ambrosia {unknown}

Dungeon Overview and Level Annotations

Branches:
Dungeon (2/15)

Altars:

Annotations:
D:2 Terence


Message History

You shoot an arrow. The arrow closely misses the adder.
The adder barely misses you. The adder bites you but does no damage.
You shoot an arrow. The arrow misses the adder.
The adder bites you but does no damage.
You shoot an arrow. The arrow hits the adder.
You kill the adder!
b - a scroll labelled JAISINGE ZAITA
Found a stone staircase leading down.
You see here a ball python corpse.
There is a stone staircase leading up here.
Terence the Incautious comes into view.
He is wielding a +0 falchion of holy wrath.
Terence shouts!
You shoot an arrow.
The arrow hits Terence but does no damage.
Terence misses you.
You shoot an arrow.
The arrow hits Terence but does no damage.
Terence screams, "I'm going to kill you!"
Terence barely misses you.
You shoot an arrow. The arrow hits Terence.
Terence is lightly wounded.
Terence hits you with a +0 falchion of holy wrath.
You shoot an arrow.
The arrow hits Terence but does no damage.
Terence is lightly wounded.
Terence hits you with a +0 falchion of holy wrath.
You shoot an arrow.
The arrow hits Terence but does no damage.
Terence is lightly wounded.
Terence hits you with a +0 falchion of holy wrath.
Terence closely misses you.
You shoot an arrow. The arrow hits Terence.
Terence is moderately wounded.
Terence hits you with a +0 falchion of holy wrath.
You shoot an arrow. The arrow barely misses Terence.
Terence hits you but does no damage.
You shoot an arrow. The arrow hits Terence.
Terence is heavily wounded.
Terence hits you with a +0 falchion of holy wrath.
You die...

.# #.# #.....# .###
#.# #...#.# .#.## #.#
#...#.# ....## #.#
#..##.# .....##
#.#####.....#
......###.##.....####
..........##.###.#
....######## #.#
.....#######. #@#
#..#...........@.#
#..%..............
#.##.##############
#.# #.##.###########
#.# #.##......%....#
#.# #.############.#
#.# #.# #.# #.# #.#
#.# #.#


You could see Terence.

Vanquished Creatures
  An adder (D:2)
  2 worms (D:2)
  A dart slug (D:1)
  9 ball pythons
  2 endoplasms (D:1)
  A giant cockroach (D:1)
  3 goblins (D:1)
  2 hobgoblins
  2 quokkas (D:1)
  6 bats
  6 frilled lizards (D:1)
  2 kobolds (D:1)
  5 rats
42 creatures vanquished.

Notes
Turn   | Place    | Note
-------+----------+-------------------------------------------
     0 | D:1      | qw the Gargoyle Hunter began the quest for the Orb.
     0 | D:1      | Reached XP level 1. HP: 12/12 MP: 1/1
     0 | D:1      | 0 ||| qw: Version: 0.3-a-83-gcd0e7d8
     0 | D:1      | 0 ||| qw: Game counter: 1510
     0 | D:1      | 0 ||| qw: Melee chars always use a shield: true
     0 | D:1      | 0 ||| qw: God list: Okawaru
     0 | D:1      | 0 ||| qw: Allow faded altars: false
     0 | D:1      | 0 ||| qw: Do Orc after clearing Dungeon:15 true
     0 | D:1      | 0 ||| qw: Do second Lair branch before Depths: true
     0 | D:1      | 0 ||| qw: Lair rune preference: random
     0 | D:1      | 0 ||| qw: Goals: Normal
     0 | D:1      | 0 ||| PLANNING D:1-11
    43 | D:1      | Reached XP level 2. HP: 10/17 MP: 2/2
   353 | D:1      | Reached XP level 3. HP: 17/21 MP: 3/3
   402 | D:1      | Reached skill level 5 in Ranged Weapons
   614 | D:1      | 614 ||| UPGRADING to +0 ring mail.
   624 | D:1      | 624 ||| DROPPING +0 leather armour.
   625 | D:1      | 625 ||| READING scroll labelled ZITRIY HORETA.
   626 | D:1      | 626 ||| READING scroll labelled RYSHAITSAWK.
   627 | D:1      | 627 ||| READING scroll labelled GISTUU ANUFA.
   628 | D:1      | 628 ||| READING scroll labelled YCZEXI WUDDUT.
   628 | D:1      | Identified a scroll of acquirement
   628 | D:1      | 628 ||| ACQUIRING +2 hat of the Secret Visions {Fly Will+++
                  | Int-5 Dex-5}
   628 | D:1      | Acquired the +2 hat of the Secret Visions {Fly Will+++
                  | Int-5 Dex-5}
   630 | D:1      | 630 ||| UPGRADING to +2 hat of the Secret Visions {Fly
                  | Will+++ Int-5 Dex-5}.
   635 | D:1      | 635 ||| READING scroll labelled ISAIPH MINLA.
   640 | D:1      | 640 ||| READING scroll labelled SEDAKL QOYNAW.
   641 | D:1      | 641 ||| DRINKING 2 sapphire potions.
   642 | D:1      | 642 ||| DROPPING scroll of butterflies.
   643 | D:1      | 643 ||| DROPPING potion of attraction.
   809 | D:2      | Reached skill level 1 in Armour
  1029 | D:2      | Noticed Terence
  1035 | D:2      | HP: 1/22 [Terence/+0 falchion of holy wrath (6)]
  1037 | D:2      | Slain by Terence

Levels and vault maps discovered:
D:1:      tarquinn_simple_flora_water_b, layout_rooms, minmay_pentomino_w4
D:2:      layout_loops_ring, serial_park_tiny_2, st_stairs_3, uniq_terence

Skill      XL: |  1  2  3 |
---------------+----------+-----
Ranged Weapons | 5 |  5.0
Armour         | 1 |  1.1
Fighting       | |  2.8
Dodging        | |  1.5
Stealth        | |  1.1

Action                     || total
---------------------------++-------
   Fire: Shortbow          ||   168
    Use: Scroll            ||     6
         Potion            ||     1
 Armour: Leather armour    ||    34
         Ring mail         ||    34
  Dodge: Dodged            ||    58

Table legend:
 A = Non-vault XP
 B = Vault XP
 C = Vault XP percentage of total XP
 D = Non-vault monster count
 E = Vault monster count
 F = Vault count percentage of total count
                 A         B        C        D         E       F
            +---------+---------+-------+---------+---------+-------
      Total |      57 |      23 |  28.8 |      34 |       8 |  19.0
            +---------+---------+-------+---------+---------+-------
        D:1 |      38 |       9 |  19.1 |      26 |       6 |  18.8
        D:2 |      19 |      14 |  42.4 |       8 |       2 |  20.0
            +---------+---------+-------+---------+---------+-------
